 Dungeon Crawl Stone Soup version 0.19-a0-347-g6bb00b2 (webtiles) character file.

7230 Catbag the Protected (level 10, -3/92 HPs)
             Began as a Minotaur Fighter on May 29, 2016.
             Was a Priest of the Shining One.
             Slain by Snorg (16 damage)
             ... on level 10 of the Dungeon.
             The game lasted 00:25:06 (8376 turns).

Catbag the Protected (Minotaur Fighter)             Turns: 8376, Time: 00:25:07

Health: -3/92      AC: 14    Str: 24    XL:     10   Next: 88%
Magic:  9/9        EV:  8    Int:  5    God:    the Shining One [***...]
Gold:   543        SH: 12    Dex: 14    Spells: 0 memorised, 9 levels left

rFire  . . .     SeeInvis .     x - +0 long sword (holy)
rCold  . . .     Gourm    .     M - +0 plate armour
rNeg   + . .     Faith    .     c - +0 shield
rPois  .         Spirit   .     (helmet restricted)
rElec  .         Dismiss  .     (no cloak)
rCorr  .         Reflect  .     (no gloves)
SustAt .         Harm     .     (no boots)
MR     .....                    (no amulet)
Stlth  ..........               A - +3 ring of slaying
                                n - +4 ring of strength

@: glowing, not resistant to hostile enchantments, extremely unstealthy
A: retaliatory headbutt, horns 2
a: Divine Shield, Renounce Religion


You were on level 10 of the Dungeon.
You worshipped the Shining One.
The Shining One was most pleased with you.
You were not hungry.

You visited 2 branches of the dungeon, and saw 11 of its levels.
You also visited: Ossuary.

You collected 681 gold pieces.
You spent 138 gold pieces at shops.

Inventory:

Hand Weapons
 a - a +0 long sword
 x - a +0 long sword of holy wrath (weapon)
 H - a +1 trident of freezing
 N - a +0 scythe of flaming
 P - a +0 shortbow
 W - a +2 great sword
Armour
 b - a +0 scale mail
 c - a +0 shield (worn)
 q - a +0 scale mail
 B - a +0 ring mail
 G - a +0 chain mail of cold resistance
 M - a +0 plate armour (worn)
 Q - an ice dragon hide
Jewellery
 h - an uncursed ring of magical power
 l - a +3 ring of dexterity
 m - an uncursed amulet of dismissal
 n - a +4 ring of strength (left hand)
 t - a +1 ring of evasion
 A - a +3 ring of slaying (right hand)
 D - a +1 ring of evasion
 O - a cursed amulet of inaccuracy {unknown}
Wands
 e - a wand of lightning (6/15)
 f - a wand of iceblast (10/15)
 R - a wand of confusion (36/48)
 S - a wand of paralysis (12/24)
 U - a wand of iceblast (7/15)
Scrolls
 g - 3 scrolls of recharging
 i - a scroll of magic mapping {unknown}
 k - a scroll of random uselessness
 p - a scroll of noise
 v - 3 scrolls of teleportation
 y - 2 scrolls of fog
 z - 5 scrolls of remove curse
 F - a scroll of fear {unknown}
 T - 2 scrolls of enchant weapon {unknown}
 X - a scroll of immolation {unknown}
 Y - a scroll of identify
Potions
 d - a potion of might
 j - a potion of magic {unknown}
 o - 4 potions of heal wounds
 r - 2 potions of flight {unknown}
 s - 3 potions of curing
 E - 4 potions of mutation
 I - a potion of haste {unknown}
 J - 2 potions of cancellation {unknown}
 K - 2 potions of resistance {unknown}
 L - a potion of brilliance {unknown}
Books
 w - a Grand Grimoire

   Spells                             Type                      Level
   a - Monstrous Menagerie            Summoning                    7
   b - Summon Greater Demon           Summoning                    7
   c - Malign Gateway                 Summoning/Translocation      7
   d - Summon Horrible Things         Summoning                    8
Comestibles
 u - 2 fruits
 C - a meat ration
 V - a slice of pizza


   Skills:
 + Level 9.6 Fighting
 + Level 10.5 Long Blades
 + Level 10.8 Armour
 - Level 3.1 Dodging
 - Level 0.3 Stealth
 + Level 10.5 Shields


You had 9 spell levels left.
You didn't know any spells.

Dungeon Overview and Level Annotations

Branches:
Dungeon (10/15)            Temple (1/1) D:6             Orc (0/2) D:10
   Lair: D:8-11

Altars:
Dithmenos
Elyvilon
Fedhas
Gozag
Hepliaklqana
Makhleb
Okawaru
Pakellas
Trog
Ukayaw
Vehumet
Xom
The Shining One

Shops:
D:4 :[[   D:8 =   D:9 ([}

Annotations:
D:10 Snorg


Innate Abilities, Weirdness & Mutations

You reflexively headbutt those who attack you in melee.
You have a pair of horns on your head.


Message History

You hit the gargoyle but do no damage.
The gargoyle is almost destroyed.
Snorg bites you! Snorg claws you but does no damage. x2
The gargoyle hits you with a morningstar!
Your shield and plate armour prevent you from hitting the gargoyle.
The gargoyle is almost destroyed.
Snorg bites you but does no damage. Snorg claws you but does no damage.
You block Snorg's attack.
The gargoyle hits you with a morningstar.
* * * LOW HITPOINT WARNING * * *
Snorg goes berserk!
Snorg rages.
The gargoyle hurls a stone arrow at you.
The stone arrow hits you!
* * * LOW HITPOINT WARNING * * *
Snorg barely misses you. x2; Snorg claws you but does no damage.
You hit Snorg.
Snorg is lightly wounded.
You block Snorg's attack. x2; Snorg claws you!
You die...

........................
.................>......
........................
..................#.....
..................#.....
..................#.....
.......9..........#+####
####...T.#+##+##'##[..##
#...@.#.............#
#.(...+.............#
#.....#.............+
#.....#..####..######
....####..####..##...#
..... ..........#....
...... .........#....
...... .........'....
##########....


You could see Snorg (berserk) and a gargoyle.

Vanquished Creatures
  Sigmund (D:5)
  An unseen horror (D:10)
  Pikel (D:5)
  Maurice (D:10)
  A troll (D:10)
  Prince Ribbit (D:8)
  3 yaks (D:9)
  A hippogriff (D:8)
  Menkaure (D:5)
  3 wargs (D:10)
  A water moccasin (D:9)
  3 orc warriors
  4 phantoms
  An ice beast (D:9)
  5 ogres
  A crocodile (D:9)
  4 giant frogs
  6 killer bees (D:8)
  4 scorpions
  A wyvern skeleton (D:8)
  12 wights
  4 crimson imps
  A quasit (D:6)
  3 giant frog zombies
  A centaur skeleton (D:9)
  3 hounds
  3 jellies
  11 orc wizards
  5 orc priests
  Jessica (D:2)
  A giant frog skeleton (D:4)
  5 iguanas
  3 worker ants
  A big kobold zombie (Ossuary)
  The ghost of Amnesiac the Poker, a weakling MfGl (D:4)
  8 mummies (Ossuary)
  2 hound zombies (D:6)
  3 hound skeletons
  2 howler monkey zombies
  Robin (D:2)
  4 gnolls (D:6)
  2 worker ant zombies
  13 adders
  A shadow imp (D:6)
  An ooze (D:2)
  An adder zombie (D:5)
  An adder skeleton (D:9)
  5 worms
  3 dart slugs (D:1)
  9 giant geckos
  17 orcs
  4 giant cockroaches
  A gnoll zombie (Ossuary)
  13 goblins
  9 hobgoblins
  14 jackals
  3 quokkas
  5 ball pythons
  13 bats
  A giant cockroach zombie (D:6)
  A giant gecko zombie (D:6)
  7 giant newts
  A hobgoblin zombie (Ossuary)
  A jackal zombie (D:5)
  7 kobolds
  2 kobold zombies (Ossuary)
  3 orc zombies (Ossuary)
  A quokka skeleton (D:3)
  6 rats
  3 withered plants (D:6)
267 creatures vanquished.

Vanquished Creatures (others)
  A slave (D:5)
  An orc wizard (D:5)
  2 worker ants (D:5)
  An adder skeleton (D:5)
  A quokka (D:9)
6 creatures vanquished.

Grand Total: 273 creatures vanquished

Notes
Turn   | Place    | Note
--------------------------------------------------------------
     0 | D:1      | Catbag the Minotaur Fighter began the quest for the Orb.
     0 | D:1      | Reached XP level 1. HP: 19/19 MP: 0/0
   189 | D:1      | Reached XP level 2. HP: 12/27 MP: 1/1
   560 | D:1      | Reached XP level 3. HP: 33/33 MP: 2/2
   916 | D:2      | Noticed Robin
   963 | D:2      | Killed Robin
   963 | D:2      | Reached skill level 1 in Dodging
   976 | D:2      | Reached XP level 4. HP: 8/40 MP: 3/3
  1293 | D:2      | Noticed Jessica
  1303 | D:2      | Killed Jessica
  1437 | D:2      | Found an oddly glowing altar of Pakellas.
  1524 | D:2      | Reached XP level 5. HP: 44/46 MP: 4/4
  1894 | D:3      | Found a shadowy altar of Dithmenos.
  1946 | D:3      | Found an opulent altar of Gozag.
  1961 | D:3      | Found a blossoming altar of Fedhas.
  2042 | D:3      | Reached skill level 5 in Armour
  2543 | D:4      | Found Ybeatt's Book Shop.
  2572 | D:4      | Found a burning altar of Makhleb.
  2577 | D:4      | Reached XP level 6. HP: 43/55 MP: 5/5
  2616 | D:4      | Reached skill level 5 in Shields
  2620 | D:4      | Found Guywis's Armour Shop.
  2628 | D:4      | Reached skill level 5 in Fighting
  2787 | D:4      | Found Damaguru's Armour Shop.
  2795 | D:4      | Bought a +0 chain mail of cold resistance for 138 gold pieces
  2800 | D:4      | Noticed Amnesiac's ghost (weakling MfGl)
  2813 | D:4      | Killed Amnesiac's ghost
  2843 | D:4      | Reached XP level 7. HP: 19/61 MP: 6/6
  3219 | D:5      | Entered Level 5 of the Dungeon
  3252 | D:5      | Found a sand-covered staircase.
  3269 | Ossuary  | Entered an ossuary
  4077 | D:5      | Noticed Pikel
  4090 | D:5      | Killed Pikel
  4090 | D:5      | Reached skill level 5 in Long Blades
  4090 | D:5      | Reached XP level 8. HP: 71/71 MP: 7/7
  4108 | D:5      | Noticed Menkaure
  4114 | D:5      | Killed Menkaure
  4286 | D:5      | Noticed Sigmund
  4292 | D:5      | Killed Sigmund
  4858 | D:6      | Found a radiant altar of Vehumet.
  4884 | D:6      | Found a staircase to the Ecumenical Temple.
  4931 | Temple   | Entered the Ecumenical Temple
  4963 | Temple   | Became a worshipper of the Shining One
  5320 | D:6      | Reached XP level 9. HP: 79/79 MP: 8/8
  5339 | D:6      | Found a hazy altar of Hepliaklqana.
  5401 | D:6      | Reached * piety under the Shining One
  5414 | D:6      | Found a bloodstained altar of Trog.
  5637 | D:6      | Found a shimmering altar of Xom.
  5765 | D:7      | Found a shadowy altar of Dithmenos.
  6171 | D:8      | Noticed Prince Ribbit
  6182 | D:8      | Killed Prince Ribbit
  6235 | D:8      | Reached ** piety under the Shining One
  6367 | D:8      | Reached XP level 10. HP: 35/90 MP: 9/9
  6621 | D:8      | Found Huegikan's Jewellery Shoppe.
  7351 | D:9      | Found a white marble altar of Elyvilon.
  7501 | D:9      | Found a hide-covered altar to Ukayaw.
  7565 | D:9      | Reached skill level 10 in Armour
  7777 | D:9      | Found Zuoppow's Gadget Boutique.
  7777 | D:9      | Found Dicopen's Armour Shoppe.
  7939 | D:9      | Reached *** piety under the Shining One
  7975 | D:9      | Found Yhij's Antique Weapon Boutique.
  8156 | D:9      | Reached skill level 10 in Shields
  8190 | D:10     | Entered Level 10 of the Dungeon
  8217 | D:10     | Noticed Maurice
  8226 | D:10     | Reached skill level 10 in Long Blades
  8227 | D:10     | Noticed an unseen horror
  8227 | D:10     | Found a staircase to the Orcish Mines.
  8241 | D:10     | Killed an unseen horror
  8254 | D:10     | Killed Maurice
  8362 | D:10     | Noticed Snorg
  8362 | D:10     | Noticed a gargoyle
  8376 | D:10     | Slain by Snorg

Vault maps used:
D:1:      dpeg_arrival_signposts, serial_bayou_lake_a
D:2:      grunt_pakellas_basics, serial_forest, infiniplex_forest_lined_room_2,
          infiniplex_forest_straight_1, infiniplex_forest_clump_small,
          infiniplex_forest_split, infiniplex_forest_lined_1,
          infiniplex_forest_clump_diagonal, infiniplex_forest_lined_corner,
          uniq_robin, uniq_jessica
D:3:      nicolae_overflow_hidden_temple, lemuel_doored_altar
D:4:      overflow_temple_1_default, first_bread, serial_shops,
          nicolae_shop_waterfront, shop, shop_fountains,
          minmay_misc_feat_columns
D:5:      chequers_ossuary_entry_cave, minmay_misc_feat_square, uniq_pikel,
          uniq_menkaure, uniq_sigmund
D:6:      lemuel_crystal_altar, nicolae_overflow_crystal_walls, xom_butterflies,
          lemuel_coloured_pillars_altar, temple_fountains, serial_undead,
          serial_undead_f, serial_undead_d, serial_undead_c, serial_undead_c
D:7:      grunt_dithmenos_smoke
D:8:      serial_shops, shop_statue, uniq_prince_ribbit1
D:9:      elyvilon_altar_4, basic_altar, serial_shops, shop,
          nicolae_shop_statue_plus, nicolae_shop_statue_plus
D:10:     minmay_orc_entry_guard_dogs, uniq_snorg, uniq_maurice
Temple:   oiseaux_autumnal_temple_12
Ossuary:  ossuary_tomb_3

Skill      XL: |  1  2  3  4  5  6  7  8  9 10 |
---------------+-------------------------------+-----
Armour         | 4 5 7 8 9 10 | 10.8
Shields        | 4 5 6 7 9 10 | 10.5
Fighting       | 4 5 6 7 8 9 |  9.6
Dodging        | 1 2 3 |  3.1
Long Blades    | 3 4 5 6 9 10 | 10.5
Stealth        | |  0.3

Action                   |  1- 3 |  4- 6 |  7- 9 | 10-12 || total
-------------------------+-------+-------+-------+-------++-------
Melee: Long sword        |   113 |   135 |   297 |   177 ||   722
       Headbutt          |    13 |    25 |    73 |    39 ||   150
  Use: Scroll            |       |     7 |     4 |     7 ||    18
  Eat: Bread ration      |       |     2 |     2 |     1 ||     5
       Meat ration       |       |       |       |     1 ||     1
       Beef jerky        |       |       |       |     1 ||     1
Armor: Scale mail        |    64 |    64 |       |       ||   128
       Chain mail        |       |    10 |    12 |       ||    22
       Plate armour      |       |       |    85 |    59 ||   144
Dodge: Dodged            |    41 |    49 |    65 |    42 ||   197
Block: Shield            |    80 |    69 |   130 |   101 ||   380
